 Dungeon Crawl Stone Soup version 0.29.1-12-g30fa7ad0bf (webtiles) character file.

Game seed: 7758796659886248940

2 cdecastro the Sneak (level 1, -1/9 HPs)
             Began as a Vine Stalker Enchanter on Dec 13, 2022.
             Slain by a goblin
             ... wielding a +0 club
              (2 damage)
             ... on level 1 of the Dungeon.
             The game lasted 00:00:29 (226 turns).

cdecastro the Sneak (Vine Stalker Enchanter)         Turns: 226, Time: 00:00:30

Health: -1/9       AC:  2    Str: 10    XL:     1   Next: 30%
Magic:  0/4        EV: 12    Int: 15    God:
Gold:   22         SH:  0    Dex: 14    Spells: 4/4 levels left

rFire   . . .      SeeInvis .   a - +1 dagger
rCold   . . .      Faith    .   (no shield)
rNeg    . . .      Spirit   +   b - +0 robe
rPois   .          Reflect  .   (no helmet)
rElec   .          Harm     .   (no cloak)
rCorr   .          Rampage  .   (no gloves)
Will    .....                   (no boots)
Stlth   ++........              (no amulet)
HPRegen 0.03/turn               (no ring)
MPRegen 0.09/turn               (no ring)

@: no status effects
A: fangs 2, magic shield, antimagic bite, no potion heal 2
a: no special abilities


You were on level 1 of the Dungeon.
You visited 1 branch of the dungeon, and saw 1 of its levels.

You collected 22 gold pieces.

Inventory:

Hand Weapons
 a - a +1 dagger (weapon)
Armour
 b - a +0 robe (worn)
Jewellery
 f - a ring of wizardry
Scrolls
 d - a scroll of butterflies {unknown}
 e - a scroll of magic mapping {unknown}
Potions
 c - 2 potions of invisibility
 g - a potion of haste {unknown}


   Skills:
 - Level 0.8 Short Blades
 - Level 1.5 Dodging
 + Level 3.7 Stealth
 - Level 2.1 Spellcasting
 * Level 3.1 Hexes


You had 4 spell levels left.
You didn't know any spells.
Your spell library contained the following spells:

 Spells                   Type           Power      Damage    Failure   Level
 Ensorcelled Hibernation  Hex/Ice        12%        N/A       17%         2
 Confusing Touch          Hex            10%        N/A       19%         3
 Tukima's Dance           Hex            10%        N/A       19%         3
 Dazzling Flash           Conj/Hex       12%        N/A       34%         3


Dungeon Overview and Level Annotations

Branches:
Dungeon (1/15)

Altars:


Innate Abilities, Weirdness & Mutations

You have extremely sharp teeth.
When hurt, damage is shared between your health and your magic reserves.
Your bite disrupts and absorbs the magic of your enemies.
Potions cannot restore your health.


Message History

You miss the quokka.
The quokka is moderately wounded.
The quokka bites you.
You hit the quokka but do no damage. Your bite misses the quokka.
The quokka is moderately wounded.
The quokka bites you.
You hit the quokka but do no damage. Your bite misses the quokka.
The quokka is moderately wounded.
The quokka closely misses you.
You hit the quokka but do no damage. Your bite misses the quokka.
The quokka is moderately wounded.
The quokka closely misses you. x2
Unknown command.
You hit the quokka but do no damage. You bite the quokka, but do no damage.
The quokka is moderately wounded.
The quokka completely misses you.
You closely miss the quokka. Your bite misses the quokka.
The quokka is moderately wounded.
The quokka bites you.
You hit the quokka.
The quokka is severely wounded.
The quokka barely misses you.
You barely miss the quokka. Your bite misses the quokka.
The quokka is severely wounded.
The quokka misses you.
You closely miss the quokka.
The quokka is severely wounded.
The quokka barely misses you.
You barely miss the quokka. You bite the quokka.
You kill the quokka!
The goblin barely misses you.
You closely miss the hobgoblin. Your bite misses the hobgoblin.
The goblin hits you but does no damage. The hobgoblin misses you.
The hobgoblin attacks as you move away! The hobgoblin hits you.
* * * LOW HITPOINT WARNING * * *
The goblin hits you with a +0 club.
* * * LOW HITPOINT WARNING * * *
The hobgoblin attacks as you move away! The hobgoblin closely misses you.
The goblin hits you with a +0 club.
You die...

......# #...###.#
#...### #....##.#
##..# #.##.##.#
#..## #.##.##.#
..## ####
#......)# ###
...._####.##### #
#.......#.....#
#(##>##.#.#.......
#.##..@#.#.###.
#....gg..# #
####.#.###
.#####.#g###..#
#..............#
####.......#...#
#.............
#.............
#............g


You could see a hobgoblin and 2 goblins.

Vanquished Creatures
  A quokka (D:1)
  A bat (D:1)
2 creatures vanquished.

Notes
Turn   | Place    | Note
-------+----------+-------------------------------------------
     0 | D:1      | cdecastro the Vine Stalker Enchanter began the quest for
                  | the Orb.
     0 | D:1      | Reached XP level 1. HP: 9/9 MP: 4/4
   197 | D:1      | Found a faded altar of an unknown god.
   226 | D:1      | Slain by a goblin

Illustrated notes

Levels and vault maps discovered:
D:1:      minmay_arrival_stair_chambers, layout_loops_cross,
          basic_ecumenical_altar

Action                   || total
-------------------------++-------
Melee: Dagger            ||    18
       Bite              ||     2
Armor: Robe              ||     8
Dodge: Dodged            ||    20
